Map: 트라이튼 - 래더

Players

SpeCial

  • Race: Terran Terran
  • Spawn Location: 5:00

Stats - Winner!

  • Race: Protoss Protoss
  • Spawn Location: 11:00

Event: IEM Katowice 2020

VOD

Have the link to the VOD?

Description

Time

  • Played on: Feb. 27, 2020, 5:46 a.m.
  • Length: 8:27

All games in this series

Show
View Real Time Build Order
Export as new Build Order

SpeCial Terran 

Build Orders: Reaper Expand 

Get SALT Encoding   

  12  0:01  SCV  
  13  0:13  SCV  
  14  0:17  Supply Depot  
  14  0:25  SCV  
  15  0:39  SCV  
  15  0:40  Barracks  
  16  0:43  Refinery  
  16  0:51  SCV  
  17  1:03  SCV  
  18  1:15  SCV  
  19  1:26  Reaper  
  19  1:27  Orbital Command  
  20  1:42  Command Center  
  20  1:49  Supply Depot  
  20  1:53  SCV  
  21  1:58  Marine  
  22  2:05  SCV  
  23  2:09  Factory  
  23  2:16  Bunker  
  23  2:18  SCV  
  23  2:22  Barracks Reactor  
  24  2:28  Refinery  
  24  2:30  SCV  
  25  2:43  SCV  
  26  2:54  Hellion  
  26  2:55  Orbital Command  
  26  2:57  Starport  
  28  2:59  SCV  
  28  3:00  Marine  
  28  3:03  Marine  
  31  3:11  SCV  
  32  3:17  Factory Tech Lab  
  32  3:22  SCV  
  32  3:23  SCV, Marine  
  32  3:24  Marine  
  36  3:32  Supply Depot  
  36  3:34  SCV  
  36  3:35  SCV  
  38  3:41  Raven  
  38  3:46  SCV  
  38  3:47  SCV  
  44  3:54  Command Center  
  42  4:02  Factory Tech Lab  
  41  4:03  Marine x2  
  41  4:04  SCV x2  
  41  4:07  Supply Depot  
  45  4:16  SCV x2  
  47  4:20  Siege Tank  
  47  4:21  Marine x2  
  52  4:28  SCV x2  
  52  4:29  Supply Depot  
  54  4:32  Barracks  
  54  4:39  Marine x2  
  54  4:40  SCV x2  
  54  4:43  Barracks  
  58  4:46  Engineering Bay  
  58  4:52  SCV x2  
  60  4:55  Siege Tank  
  60  4:57  Marine x2  
  65  5:04  SCV x2  
  65  5:06  Supply Depot  
  67  5:07  Orbital Command  
  67  5:12  Barracks  
  67  5:16  Terran Infantry Weapons Level 1  
  67  5:17  SCV  
  67  5:19  SCV  
  67  5:20  Marine  
  70  5:22  Stimpack  
  70  5:27  Barracks  
  70  5:32  Starport Reactor  
  70  5:35  Refinery  
  70  5:36  Refinery  
  70  5:38  Marine x2  
  70  5:39  Supply Depot  
  72  5:43  SCV x2  
  72  5:46  SCV  
  72  5:49  Supply Depot  
  75  5:51  Factory Reactor  
  75  5:56  Marine x2  
  75  6:02  Marauder x2  
  75  6:03  Supply Depot  
  79  6:08  Medivac  
  79  6:09  Medivac  
  79  6:11  Barracks Tech Lab  
  83  6:14  Marine x2  
  85  6:23  Marauder  
  85  6:24  Combat Shield, Marauder  
  89  6:25  Missile Turret  
  89  6:27  Supply Depot  
  89  6:28  SCV x3  
  89  6:30  Concussive Shells, Marauder  
  89  6:31  Marine  
  89  6:32  Marine  
  96  6:34  Marine  
  96  6:35  Marine  
  96  6:36  Factory Reactor  
  98  6:44  Supply Depot  
  98  6:45  Supply Depot  
  98  6:49  Marine x2  
  98  6:50  Marauder x2  
  98  6:52  Marine  
  98  6:53  Medivac, Orbital Command  
  107  6:59  Medivac  
  107  7:01  Marine  
  107  7:05  SCV x2  
  107  7:07  Marine x2  
  111  7:10  Marine  
  111  7:12  Marauder x2  
  111  7:13  Marauder  
  111  7:14  Widow Mine  
  120  7:17  SCV, Widow Mine  
  120  7:19  Marine, SCV x2  
  126  7:25  Marine x2  
  126  7:28  Marine  
  126  7:29  SCV  
  130  7:33  Marine  
  130  7:34  SCV x2  
  133  7:37  Marine  
  133  7:38  Medivac x2, Widow Mine  
  133  7:42  SCV  
  141  7:57  Marine x2  
  139  8:05  Marauder  
  116  8:07  Marine  
  116  8:08  SCV x2  
  110  8:15  SCV  
Show
View Real Time Build Order
Export as new Build Order

Stats Protoss - Winner!

Build Orders: 1 Gate Expand, Blink Stalkers, Zealot Archon 

Get SALT Encoding   

  12  0:00  Probe  
  13  0:13  Probe  
  14  0:17  Pylon  
  14  0:25  Probe (Chrono Boost)  
  15  0:37  Probe (Chrono Boost), Gateway  
  16  0:45  Probe (Chrono Boost)  
  16  0:46  Assimilator  
  17  0:51  Probe  
  18  1:03  Probe  
  19  1:15  Probe  
  20  1:24  Cybernetics Core  
  20  1:32  Nexus  
  20  1:36  Probe  
  21  1:42  Pylon  
  21  1:47  Assimilator  
  21  1:49  Probe  
  22  1:58  Adept (Chrono Boost)  
  22  2:01  Probe  
  22  2:02  Warp Gate  
  25  2:14  Probe  
  26  2:18  Stalker (Chrono Boost)  
  28  2:26  Probe  
  29  2:40  Probe (Chrono Boost)  
  29  2:41  Twilight Council  
  29  2:44  Probe (Chrono Boost), Stalker  
  34  2:54  Probe (Chrono Boost)  
  34  2:55  Probe (Chrono Boost)  
  35  2:59  Probe (Chrono Boost), Gateway  
  35  3:02  Probe  
  37  3:11  Probe (Chrono Boost)  
  38  3:15  Blink (Chrono Boost)  
  38  3:18  Probe (Chrono Boost)  
  39  3:23  Probe (Chrono Boost)  
  41  3:27  Pylon  
  41  3:30  Probe (Chrono Boost), Robotics Facility  
  41  3:32  Probe (Chrono Boost)  
  42  3:38  Probe  
  43  3:43  Probe  
  44  3:50  Probe  
  44  3:52  Stalker  
  44  3:53  Stalker  
  49  4:03  Probe x2  
  49  4:07  Shield Battery  
  50  4:11  Pylon, Assimilator  
  50  4:18  Observer (Chrono Boost)  
  50  4:22  Nexus  
  50  4:24  Probe x2, Pylon  
  53  4:29  Pylon  
  53  4:30  Stalker  
  53  4:31  Stalker  
  57  4:33  Observer  
  57  4:36  Probe x2  
  60  4:39  Forge  
  60  4:44  Assimilator  
  60  4:48  Probe x2  
  62  4:53  Pylon  
  62  4:55  Observer  
  62  4:59  Immortal (Chrono Boost)  
  66  5:02  Probe x2  
  68  5:07  Protoss Ground Weapons Level 1  
  68  5:09  Charge  
  68  5:15  Probe x2  
  70  5:27  Probe  
  71  5:30  Probe  
  71  5:35  Probe  
  73  5:39  Probe, Templar Archives  
  73  5:40  Gateway x2  
  74  5:43  Probe, Gateway  
  74  5:45  Gateway  
  74  5:47  Stalker x2  
  79  5:55  Probe (Chrono Boost)  
  79  5:56  Probe (Chrono Boost)  
  79  5:59  Probe (Chrono Boost)  
  80  6:05  Probe (Chrono Boost)  
  80  6:06  Probe (Chrono Boost)  
  80  6:07  Probe (Chrono Boost)  
  80  6:09  Immortal, Assimilator  
  80  6:10  Probe x2 (Chrono Boost), Assimilator  
  87  6:12  Sentry x2  
  87  6:13  Probe  
  87  6:14  Psionic Storm  
  87  6:16  Pylon  
  94  6:21  Probe  
  94  6:22  Probe  
  94  6:25  Probe, Gateway  
  97  6:28  Observer  
  97  6:30  Gateway  
  97  6:32  Observer  
  97  6:34  Probe x2  
  97  6:37  Probe  
  100  6:42  Pylon  
  100  6:48  Immortal  
  100  6:49  Pylon  
  100  6:52  Pylon  
  104  6:54  Stalker  
  104  6:55  Stalker  
  107  7:03  High Templar  
  107  7:04  High Templar, Zealot x2  
  115  7:09  Gateway  
  115  7:10  Gateway  
  115  7:13  Pylon x2  
  115  7:16  Pylon  
  115  7:17  Pylon  
  115  7:27  Warp Prism  
  117  7:30  High Templar x2, Zealot x3  
  117  7:32  Zealot  
  129  7:48  High Templar x2  
  133  7:54  Archon  
  125  8:01  Zealot x4  
  121  8:06  Zealot x4  
  121  8:20  Pylon  
  121  8:24  High Templar x3  
  121  8:25  High Templar, Zealot x2  
  131  8:26  Nexus  

Tags
 
Add a new tag
Caveats
  • Supply blocks, unpowered buildings, or Contaminate may cause inaccurate times.
  • Supply counts are checked every 10 seconds.